 Dungeon Crawl Stone Soup version 0.29.1-15-g9cfb28693d (webtiles) character file.

Game seed: 7661066155534066092

32 monsoonserge the Trooper (level 3, 0/30 HPs)
             Began as a Formicid Abyssal Knight on May 1, 2023.
             Was a Believer of Lugonu.
             Slain by Natasha (5 damage)
             ... on level 2 of the Dungeon.
             The game lasted 00:03:23 (1411 turns).

monsoonserge the Trooper (Formicid Abyssal Knight)  Turns: 1411, Time: 00:03:23

Health: 0/30       AC: 11    Str: 19    XL:     3   Next: 42%
Magic:  13/13      EV:  6    Int:  9    God:    Lugonu [**....]
Gold:   15         SH:  0    Dex: 14    Spells: 2/2 levels left

rFire   . . .      SeeInvis +   a - +1 hand axe
rCold   . . .      Faith    .   (no shield)
rNeg    . . .      Spirit   .   l - +0 plate armour
rPois   .          Reflect  .   (helmet unavailable)
rElec   .          Harm     .   (no cloak)
rCorr   .          Rampage  .   (no gloves)
Will    .....                   (no boots)
Stlth   ..........              (no amulet)
HPRegen 0.10/turn               f - ring of magical power
MPRegen 0.13/turn               (no ring)

@: no status effects
A: permanent stasis, dig shafts and tunnels, antennae 3, four strong arms
a: Dig, Shaft Self, Renounce Religion, Depart the Abyss, Bend Space


You were on level 2 of the Dungeon.
You worshipped Lugonu.
Lugonu was pleased with you.
You visited 1 branch of the dungeon, and saw 2 of its levels.
You visited the Abyss 1 time.

You collected 15 gold pieces.

Inventory:

Hand Weapons
 a - a +1 hand axe (weapon)
Missiles
 i - a throwing net
 j - 3 stones (quivered)
Armour
 l - a +0 plate armour (worn)
Jewellery
 f - a ring of magical power (left hand)
Scrolls
 b - 2 scrolls of noise {unknown}
 d - a scroll of blinking {unknown}
 k - a scroll of teleportation {unknown}
Potions
 c - a potion of lignification {unknown}
 e - a potion of flight {unknown}
 g - 3 potions of berserk rage {unknown}


   Skills:
 + Level 4.2 Fighting
 + Level 2.3 Axes
 * Level 2.3 Armour
 + Level 1.0 Dodging
 * Level 2.4 Invocations


You had 2 spell levels left.
You didn't know any spells.
Your spell library contained the following spells:

 Spells                   Type           Power      Damage    Failure   Level
 Static Discharge         Conj/Air       0%         3-3/arc   100%        2
 Lightning Bolt           Conj/Air       0%         1d11      100%        5
 Maxwell's Capacitive Co  Air            0%         ∞         100%        8


Dungeon Overview and Level Annotations

Branches:
Dungeon (2/15)

Altars:

Annotations:
D:2 Natasha


Innate Abilities, Weirdness & Mutations

You cannot be hasted, slowed, berserked, paralysed or teleported.
You can dig through walls and to a lower floor.
You have a pair of large antennae on your head. (SInv)
Your four strong arms can wield two-handed weapons with a shield.


Message History

Natasha claws you.
The crimson imp blinks!
You hit Natasha.
Natasha is heavily wounded.
Natasha claws you but does no damage.
You barely miss Natasha.
Natasha is heavily wounded.
You barely miss the crimson imp. Natasha claws you!
The crimson imp hits you but does no damage.
You barely miss Natasha. Your punch misses Natasha.
Natasha is heavily wounded.
You hit the crimson imp. Natasha claws you. The crimson imp barely misses you.
You barely miss Natasha.
Natasha is heavily wounded.
You hit the crimson imp but do no damage.
Natasha claws you but does no damage.
The crimson imp hits you but does no damage.
Natasha claws you but does no damage.
You closely miss Natasha.
Natasha is heavily wounded.
You miss the crimson imp.
The crimson imp blinks!
Natasha stares at you and mumbles some strange words.
Your stasis prevents you from being slowed.
You barely miss Natasha.
Natasha is heavily wounded.
Natasha barely misses you.
You barely miss Natasha.
Natasha is heavily wounded.
Natasha barely misses you.
You hit Natasha but do no damage.
Natasha is heavily wounded.
Natasha casts a spell at you. You resist with some effort.
The crimson imp blinks!
You hit Natasha.
Natasha is heavily wounded.
Natasha claws you.
* * * LOW HITPOINT WARNING * * *
You closely miss Natasha.
Natasha is heavily wounded.
Natasha barely misses you. Natasha claws you.
You die...

.# #. #.##
#...#######.......
#....h@...........
#...###..#.......
#. #....#...###
#..#.......##
##.###.5.#...
#.#.........
#........#..
#########..........
#......##....####.#


You could see Natasha and a crimson imp (summoned).

Vanquished Creatures
  2 dart slugs (D:1)
  3 endoplasms (D:1)
  2 giant cockroaches (D:1)
  3 goblins (D:1)
  3 jackals (D:1)
  2 quokkas (D:1)
  3 ball pythons (D:1)
  3 bats (D:1)
  2 frilled lizards (D:1)
  3 kobolds (D:1)
  A rat (D:2)
27 creatures vanquished.

Notes
Turn   | Place    | Note
-------+----------+-------------------------------------------
     0 | Abyss:1  | monsoonserge the Formicid Abyssal Knight began the quest
                  | for the Orb.
     0 | Abyss:1  | Reached XP level 1. HP: 18/18 MP: 2/2
     2 | Abyss:1  | Found a corrupted altar of Lugonu.
     9 | D:1      | Escaped the Abyss
   389 | D:1      | Reached XP level 2. HP: 25/25 MP: 3/3
   452 | D:1      | Reached skill level 4 in Fighting
   555 | D:1      | Reached skill level 1 in Dodging
   683 | D:1      | Reached XP level 3. HP: 28/30 MP: 4/4
  1161 | D:1      | Found a faded altar of an unknown god.
  1394 | D:2      | Noticed Natasha
  1411 | D:2      | Slain by Natasha

Illustrated notes

Levels and vault maps discovered:
D:1:      tarquinn_simple_flora_water_f, layout_basic,
          dreamdust_ecumenical_altar_hidden_monk_grotto,
          serial_co_window_serial, co_window_paths_a, co_window_paths_a,
          co_window_corner_a, co_window_corner_a, co_window_paths_b,
          co_window_broadway_c, co_window_of_opportunity_c, co_window_2corner,
          co_window_4corner_b, co_window_paths_d, glass_columns_a,
          glass_columns_b, glass_columns_b, glass_columns_b,
          kennysheep_another_room
D:2:      layout_rooms, minmay_joined_circles, uniq_sigmund, uniq_terence,
          uniq_natasha

Skill      XL: |  1  2 |
---------------+-------+-----
Fighting       | 4 |  4.2
Dodging        | 1 |  1.0
Axes           | |  2.3
Armour         | |  2.3
Invocations    | |  2.4

Action                   || total
-------------------------++-------
Melee: Hand axe          ||    77
Armor: Leather armour    ||     9
       Plate armour      ||     9
       Ring mail         ||     6
Dodge: Dodged            ||    42
